 Dungeon Crawl Stone Soup version 0.26.1-11-gd32895ea62 (webtiles) character file.

Game seed: 13325477442572362681

144 Zeld the Skirmisher (level 5, -1/37 HPs)
             Began as an Octopode Monk on May 18, 2021.
             Killed from afar by an orc wizard (5 damage)
             ... with a magic dart
             ... on level 3 of the Dungeon.
             The game lasted 00:03:07 (2779 turns).

Zeld the Skirmisher (Octopode Monk)                 Turns: 2779, Time: 00:03:08

Health: -1/37      AC:  1    Str: 11    XL:     5   Next: 27%
Magic:  5/5        EV: 15    Int: 12    God:
Gold:   165        SH:  0    Dex: 15    Spells: 4/4 levels left

rFire    . . .     SeeInvis .     - Unarmed
rCold    . . .     Faith    .   (no shield)
rNeg     . . .     Spirit   .   (helmet restricted)
rPois    .         Reflect  .   (no amulet)
rElec    .         Harm     .   (no ring)
rCorr    .         Rampage  .   (no ring)
Will     .....                  (no ring)
Stlth    +++.......             (no ring)
HPRegen  0.12/turn              (no ring)
MPRegen  0.09/turn              (no ring)
                                (no ring)
                                (no ring)

@: no status effects
A: almost no armour, stealthy swim, amphibious, 8 rings, constrict 8, camouflage
1, gelatinous body 1
a: no special abilities


You were on level 3 of the Dungeon.
You visited 1 branch of the dungeon, and saw 3 of its levels.

You collected 165 gold pieces.

Inventory:

Missiles
 m - 20 poisoned darts (quivered)
Jewellery
 n - an uncursed ring of see invisible {unknown}
 p - an uncursed ring of flight
Scrolls
 a - 3 scrolls of magic mapping {unknown}
 c - 2 scrolls of fog {unknown}
 d - a scroll of random uselessness {unknown}
 g - 2 scrolls of teleportation {unknown}
 i - a scroll of enchant armour {unknown}
 j - 2 scrolls of amnesia {unknown}
 k - a scroll of remove curse {unknown}
 o - 2 scrolls of enchant weapon {unknown}
 q - a scroll of identify {unknown}
Potions
 b - a potion of berserk rage {unknown}
 e - a potion of attraction {unknown}
 f - a potion of brilliance {unknown}
 h - 3 potions of heal wounds {unknown}
 l - a potion of resistance {unknown}


   Skills:
 - Level 4.2 Fighting
 * Level 2.2 Throwing
 - Level 4.2 Dodging
 - Level 2.6 Stealth
 - Level 3.0 Unarmed Combat


You had 4 spell levels left.
You didn't know any spells.
Your spell library was empty.

Dungeon Overview and Level Annotations

Branches:
Dungeon (3/15)

Altars:
Elyvilon
Kikubaaqudgha
Zin
The Shining One

Annotations:
D:2 1 exclusion


Innate Abilities, Weirdness & Mutations

You cannot wear most types of armour.
You are very stealthy in the water. (Stealth+)
You are amphibious.
You can wear up to eight rings at the same time.
You can use your tentacles to constrict eight enemies at once.
Your skin changes colour to match your surroundings (Stealth+).
Your rubbery body absorbs attacks. (AC +1, EV +1)


Message History

The orc hits you with a +0 war axe!
You are too injured to fight recklessly!
You are too injured to fight recklessly!
You are too injured to fight recklessly!
You release your grip on the orc wizard.
Items here: $ ) [ †.
The orc wizard looks braver for a moment.
The orc wizard casts a spell at itself.
The orc wizard flickers and vanishes!
Deactivating autopickup; reactivate with Ctrl-A.
You see here a short sword.
A puff of frost appears from out of thin air!
The puff of frost hits you!
A puff of frost appears from out of thin air!
The puff of frost hits you!
* * * LOW HITPOINT WARNING * * *
Okay, then.
A magic dart appears from out of thin air!
The magic dart hits you.
You die...

##.##
##o..##
###.....##
#.o......#
#.#.....##
#{##...##
#########
#.###.##
......[.#
#.# ###
#######.#
#@# #.# #.#
#.########.#
#..........#
############


You could see an orc.

Vanquished Creatures
  An orc wizard (D:3)
  Terence (D:2)
  3 adders (D:2)
  4 dart slugs (D:1)
  4 leopard geckos (D:1)
  12 bats
  3 giant cockroaches
  7 goblins (D:1)
  5 hobgoblins
  A frilled lizard (D:2)
  7 kobolds
  3 rats (D:2)
51 creatures vanquished.

Notes
Turn   | Place    | Note
-------+----------+-------------------------------------------
     0 | D:1      | Zeld the Octopode Monk began the quest for the Orb.
     0 | D:1      | Reached XP level 1. HP: 16/16 MP: 1/1
   152 | D:1      | Reached XP level 2. HP: 21/21 MP: 2/2
   640 | D:1      | Reached XP level 3. HP: 7/26 MP: 3/3
  1377 | D:2      | Noticed Terence
  1385 | D:2      | Killed Terence
  1386 | D:2      | Reached XP level 4. HP: 30/33 MP: 4/4
  2220 | D:2      | Reached skill level 1 in Throwing
  2470 | D:3      | Noticed a sky beast
  2471 | D:3      | Found an ancient bone altar of Kikubaaqudgha.
  2594 | D:3      | Found a white marble altar of Elyvilon.
  2598 | D:3      | Found a glowing silver altar of Zin.
  2599 | D:3      | Found a glowing golden altar of the Shining One.
  2624 | D:3      | Reached XP level 5. HP: 35/37 MP: 5/5
  2779 | D:3      | Killed from afar by an orc wizard

Illustrated notes

Levels and vault maps discovered:
D:1:      nicolae_arrival_memento_mori, layout_basic, minivault_24,
          minmay_tiny_reverse_x
D:2:      layout_loops_corners, minmay_increasing_density, uniq_terence
D:3:      layout_loops_ring, good_gods_temple_1, lemuel_round_altar,
          patterned_corridor

Skill      XL: |  1  2  3  4  5 |
---------------+----------------+-----
Fighting       | 4 |  4.2
Dodging        | 4 |  4.2
Throwing       | 1 2 |  2.2
Stealth        | |  2.6
Unarmed Combat | |  3.0

Action                   |  1- 3 |  4- 6 || total
-------------------------+-------+-------++-------
Melee: Unarmed           |    67 |    45 ||   112
       Constrict         |    20 |    14 ||    34
       Tentacles         |    12 |     9 ||    21
       Punch             |       |     1 ||     1
 Stab: Sleeping          |    10 |    10 ||    20
Armor: Skin              |     7 |     2 ||     9
Dodge: Dodged            |    37 |    34 ||    71
